[Event "7° Rencontres Internationales des Echecs Francophones"]
[Site "PARIS, France"]
[Date "2019.08.10"]
[Round "1.2"]
[White "Le Bas, Alexis"]
[Black "Gurevich, Mikhail"]
[Result "0-1"]
[TimeControl "90'+30' + 30seconds/move"]
[WhiteElo "1877"]
[BlackElo "2559"]

1. c4 f5 2. Nc3 Nf6 3. g3 d6 4.
Nf3 g6 5. Bg2 Bg7 6. O-O O-O 7. e3 e5 8.
b3 Nc6 9. Bb2 e4 10. Ne1 d5 11.
d4 Be6 12. c5 Rf7 13. Nc2 h5 14. Ne2 g5 15. a3 Ne7 16. f3 Ng6 17. fxe4 fxe4 18. Qd2 Qd7 19. Rf2 h4 20. Raf1 Raf8 21.
Bc1 c6 22. b4 h3 23. Bh1 Ng4 24. Rxf7 Rxf7 25. Qe1 Qe8 26. Rxf7 Qxf7 27. Qf1 Qxf1+ 28. Kxf1 Nxh2+ 29. Ke1 Bf8 30. a4 Bg4 31. b5 Bf3 32. Bxf3 exf3 33. Nc3 Ng4 0-1

[Event "7° Rencontres Internationales des Echecs Francophones"]
[Site "PARIS, France"]
[Date "2019.08.10"]
[Round "1.6"]
[White "Moracchini, Margaux"]
[Black "Sebag, Marie"]
[Result "0-1"]
[TimeControl "90'+30' + 30seconds/move"]
[WhiteElo "1869"]
[BlackElo "2494"]

1. e4 c5 2. Nf3 d6 3. Nc3 Nf6 4. d4 cxd4 5. Qxd4 a6 6.
e5 Nc6 7. Qa4 dxe5 8. Nxe5 Bd7 9. Nxd7 Qxd7 10. Be3 g6 11. Rd1 Qc8 12. Bb6 Nd7 13. Bd4 b5 14. Qb3 Nxd4 15. Rxd4 Nc5 16.
Qd5 Bg7 17. Rd2 O-O 18. Be2 b4 19. Nd1 Rd8 20. Qxd8+ Qxd8 21. Rxd8+ Rxd8 22. c3 a5 23.
Bc4 Ne4 24. f3 bxc3 25. bxc3 Rxd1+ 26. Kxd1 Nf2+ 27. Ke2 Nxh1 28. Kf1 Bxc3 29. Kg1 e6 30.
Kxh1 Bd4 31. g3 Kf8 32. Kg2 Ke7 33. Kf1 Kd6 34. Ke2 Kc5 35.
Kd3 Bg1 36. h3 h5 37. g4 h4 38. a3 Bd4 39. Bb3 Bb2 40. Ba4 Bxa3 41. Be8 f5 42. Bxg6 fxg4 43. fxg4 Bc1 44.
Kc3 Kd5 45. Bf7 Ke5 46. Kb3 Kf6 47.
Bg8 e5 48. Kc4 Kg5 49. Kd5 Kf4 50. Bh7 Bb2 51. Bc2 Bc3 52. Bd3 a4 53. Kc4 Bd4 54. Kb4 e4 55. Bxe4 0-1

[Event "7° Rencontres Internationales des Echecs Francophones"]
[Site "PARIS, France"]
[Date "2019.08.10"]
[Round "1.4"]
[White "Ben Hamed, Cherif"]
[Black "Le Roux, Jean-Pierre"]
[Result "0-1"]
[TimeControl "90'+30' + 30seconds/move"]
[WhiteElo "1869"]
[BlackElo "2535"]

1. d4 Nf6 2. c4 b6 3. Nc3 Bb7 4. f3 d5 5. cxd5 Nxd5 6. e4 Nxc3 7. bxc3 e5 8. Bc4 exd4 9. cxd4 Bb4+ 10. Kf2 O-O 11. Ne2 Nd7 12. Qb3 Qh4+ 13. g3 Qe7 14. a3 Ba5 15. Be3 Kh8 16. Nf4 c5 0-1

[Event "7° Rencontres Internationales des Echecs Francophones"]
[Site "PARIS, France"]
[Date "2019.08.10"]
[Round "1.10"]
[White "Oualili, Abdelali"]
[Black "Shchekachev, Andrei"]
[Result "0-1"]
[TimeControl "90'+30' + 30seconds/move"]
[WhiteElo "1839"]
[BlackElo "2446"]

1. e4 c5 2. Nc3 e6 3. g3 d5 4. exd5 exd5 5. Bg2 Nf6 6. d3 d4 7. Ne4 Be7 8. Ne2 Nxe4 9. Bxe4 O-O 10. O-O Nd7 11. Nf4 Nf6 12. Bg2 Bg4 13. f3 Bd7 14. Bd2 Bd6 15. Qe1 Re8 16. Qf2 Bxf4 17. Bxf4 Nd5 18. Bd2 Ne3 19. Bxe3 Rxe3 20. Rfe1 Qe7 21. Rxe3 dxe3 22. Qe2 Bc6 23. Re1 Re8 24.
f4 Bxg2 25. Qxg2 h6 26. Qf3 b6 27. Re2 Qe6 28. c4 g6 29. Kg2 Kg7 30. h3 Re7 31. g4 Qf6 32. Kg3 Qd4 33. Qd5 Rd7 34. Qxd4+ cxd4 35. b3 f5 36. Kf3 b5 37. Rc2 Rc7 38. c5 Rc6 39. a4 a6 40.
Ke2 Kf6 41. Kf3 Ke6 42. h4 bxa4 43. bxa4 Kd5 44. h5 fxg4+ 45. Kxg4 gxh5+ 46. Kxh5 Rxc5 47. Rg2 Ke6+ 48. Kg6 Rf5 49. Rb2 Rf6 50. Kg7 Rxf4 51. Rb6+ Kf5 52. Rxa6 h5 53. Rb6 Rf2 54. Rb1 Ra2 55. Kh6 e2 56. Re1 Kf4 57. Kxh5 Ke3 0-1

[Event "7° Rencontres Internationales des Echecs Francophones"]
[Site "PARIS, France"]
[Date "2019.08.10"]
[Round "1.5"]
[White "Hamdouchi, Hicham"]
[Black "Derr, Julien"]
[Result "1-0"]
[TimeControl "90'+30' + 30seconds/move"]
[WhiteElo "2514"]
[BlackElo "1869"]

1. e4 c5 2. Nc3 e6 3. Nge2 d5 4. exd5 exd5 5. d4 Nc6 6. Be3 cxd4 7. Nxd4 a6 8. Be2 Nf6 9. O-O Be7 10. Nxc6 bxc6 11. Na4 O-O 12.
c4 Be6 13. Rc1 a5 14. Bb6 Qb8 15. Bd4 Qd8 16. cxd5 cxd5 17. Bc5 Rb8 18. Qd4 Ne4 19. Bxe7 Qxe7 20. b3 Rfc8 21. Bd3 Nf6 22. h3 Qb4 23. Qe5 Qb7 24. Nc5 Qe7 25. Nxe6 fxe6 26.
Rfe1 Rxc1 27. Qxb8+ Kf7 28.
Rxc1 1-0

[Event "7° Rencontres Internationales des Echecs Francophones"]
[Site "PARIS, France"]
[Date "2019.08.10"]
[Round "1.3"]
[White "David, Alberto"]
[Black "Beladel, Brahim"]
[Result "1-0"]
[TimeControl "90'+30' + 30seconds/move"]
[WhiteElo "2554"]
[BlackElo "1872"]

1. e4 c5 2. Nf3 d6 3. Bb5+ Bd7 4. c4 Nf6 5. Nc3 Nc6 6. d4 cxd4 7. Nxd4 g6 8. O-O Bg7 9. Bxc6 bxc6 10. c5 d5 11. e5 Ne4 12. Nxe4 dxe4 13.
Bf4 O-O 14. Qc2 f5 15. exf6 exf6 16. Qxe4 Re8 17. Qc2 f5 18. Nf3 Qf6 19. Rad1 Bc8 20. Rd6 Qxb2 21. Qc4+ Kh8 22. Ng5 Rf8 23.
Nf7+ Rxf7 24. Qxf7 Ba6 25. Rfd1 Rf8 26. Rd8 1-0

[Event "7° Rencontres Internationales des Echecs Francophones"]
[Site "PARIS, France"]
[Date "2019.08.10"]
[Round "1.9"]
[White "Chabanon, Jean-Luc"]
[Black "Hasseine, Madiane"]
[Result "1-0"]
[TimeControl "90'+30' + 30seconds/move"]
[WhiteElo "2448"]
[BlackElo "1856"]

1. d4 Nf6 2. c4 g6 3. Nc3 Bg7 4. e4 d6 5. Be2 O-O 6. Nf3 Na6 7. O-O e5 8.
Be3 c6 9. d5 Ng4 10. Bg5 f6 11. Bh4 c5 12. Ne1 h5 13. h3 Nh6 14. f3 Nf7 15. Nc2 Bh6 16. a3 Bd7 17. Rb1 Qe7 18.
b4 Rae8 19. Bd3 Bg5 20. Bf2 Kg7 21. Qe2 b6 22. b5 Nc7 23. a4 f5 24. a5 Bh4 25. axb6 Bxf2+ 26. Qxf2 axb6 27. Ra1 Ra8 28. Rxa8 Rxa8 29. Ra1 Rxa1+ 30. Nxa1 Qd8 31. Nb3 f4 32. Na4 Ne8 33.
Qa2 Qa8 34. Nc3 Qb8 35. Nc1 g5 36. Be2 Nh6 37. Nd3 Nf7 38. Qa6 Nc7 39. Qa1 Ne8 40.
Kf1 Nh6 41. Ke1 g4 42. hxg4 hxg4 43. Kd2 gxf3 44. gxf3 Kh7 45. Qh1 Qd8 46. Na4 Qa8 47. Nc3 Qd8 48. Bf1 Ng7 49. Kc2 Bc8 50. Na4 Bd7 51. Bh3 Be8 52. Bg4 Qa8 53. Kb3 Bxb5 54. cxb5 c4+ 55. Kxc4 Qxa4+ 56. Nb4 Qa7 57. Bh3 Qa3 58. Qd1 Qb2 59. Qc2 Qd4+ 60. Kb3 Qe3+ 61. Qc3 Qe2 62. Bd7 Qd1+ 63. Nc2 Qb1+ 64. Qb2 Qd1 65. Qc3 Qb1+ 66. Ka3 Qg1 67. Nb4 Qe3 68. Kb3 Qg1 69.
Nd3 Qb1+ 70. Nb2 Qf1 71.
Qd3 Qe1 72. Nc4 Qf2 73. Nxd6 Qc5 74. Nc4 Nf7 75. d6 Kg8 76. Bc6 Kf8 77. d7 Nd8 78. Qd5 Qxd5 79. exd5 e4 80. fxe4 f3 81. Nd2 f2 82. e5 Nf5 83. d6 Ne3 84. Kc3 f1=Q 85. Nxf1 Nxf1 86. Kd4 Ne6+ 87. Kd5 Nf4+ 88. Ke4 Ne6 89. Kf5 Nd4+ 90. Kf6 Ne3 91. d8=Q# 1-0

[Event "7° Rencontres Internationales des Echecs Francophones"]
[Site "PARIS, France"]
[Date "2019.08.10"]
[Round "1.1"]
[White "Moussard, Jules"]
[Black "Hajage, Michael"]
[Result "1-0"]
[TimeControl "90'+30' + 30seconds/move"]
[WhiteElo "2613"]
[BlackElo "1877"]

1. e4 e5 2. Nc3 Bc5 3. f4 d6 4. Nf3 Nf6 5. Bc4 Nc6 6. d3 Bg4 7. Na4 Bb6 8. Nxb6 axb6 9.
O-O Nd4 10. fxe5 dxe5 11. Bxf7+ Kf8 12. Bc4 b5 13. Bb3 Bxf3 14. gxf3 Nxb3 15. cxb3 Qd4+ 16. Kh1 Rd8 17. Bg5 Qxd3 18.
Qe1 h6 19. Bxf6 gxf6 20. f4 Rd4 21.
fxe5 Qxe4+ 22. Qxe4 Rxe4 23. exf6 Rg8 24. Rad1 Re2 25. f7 Rgg2 26. Rd8+ Kg7 27. f8=Q+ 1-0

[Event "7° Rencontres Internationales des Echecs Francophones"]
[Site "PARIS, France"]
[Date "2019.08.10"]
[Round "1.8"]
[White "Murseli, Ujup"]
[Black "Vedmediuc, Serghei"]
[Result "0-1"]
[TimeControl "90'+30' + 30seconds/move"]
[WhiteElo "1860"]
[BlackElo "2469"]

1. c3 Nf6 2. d4 g6 3. Bf4 Bg7 4. e3 O-O 5. Nf3 d6 6.
Nbd2 Nbd7 7. Bc4 b6 8. O-O Bb7 9. Re1 Qe8 10. e4 e5 11. dxe5 dxe5 12. Bg3 Qe7 13. Qc2 h6 14. Rad1 Nh5 15. Nh4 Kh7 16. Nf1 Rad8 17. Be2 Nf4 18. Nf3 Nc5 19. Rxd8 Rxd8 20. Bc4 a6 21. a4 Bc6 22.
Ra1 Bxe4 23. Qc1 Bd5 24. Bxd5 Ne2+ 25. Kh1 Nxc1 0-1


[ePGN "0.1;DGT LiveChess/2.2.4"]

[Event "7° Rencontres Internationales des Echecs Francophones"]
[Site "PARIS, France"]
[Date "2019.08.10"]
[Round "2.7"]
[White "Ider, Borya"]
[Black "Lambert, Adrien"]
[Result "1-0"]
[TimeControl "90'+30' + 30seconds/move"]
[WhiteElo "2492"]
[BlackElo "2074"]

1. Nf3 g6 2. d4 Bg7 3. Bf4 d6 4.
e3 Nf6 5. Be2 O-O 6. h3 Nbd7 7. c4 c5 8. Nc3 b6 9. O-O Bb7 10. d5 a6 11. a4 Ne8 12. Qb3 Rb8 13. Rad1 Nc7 14.
e4 Ne5 15. Nxe5 dxe5 16. Be3 Ne8 17. Qa3 Rc8 18. a5 Nd6 19. axb6 Qxb6 20. Na4 1-0

[Event "7° Rencontres Internationales des Echecs Francophones"]
[Site "PARIS, France"]
[Date "2019.08.10"]
[Round "2.8"]
[White "Vedmediuc, Serghei"]
[Black "Grigorian, Roudolph"]
[Result "1-0"]
[TimeControl "90'+30' + 30seconds/move"]
[WhiteElo "2469"]
[BlackElo "2068"]

1. e4 e5 2. Nf3 f5 3. Nxe5 Qf6 4. d4 d6 5. Nc4 fxe4 6. Nc3 Qg6 7. Bf4 Nf6 8. Ne3 c6 9. d5 c5 10. Nb5 Nh5 11.
Bxd6 Bxd6 12. Nxd6+ Qxd6 13. Qxh5+ g6 14. Qh6 Nd7 15. h4 Ne5 16. Qg7 Nf7 17. Nc4 Qf4 18. Ne3 Bd7 19. g3 Qd6 20. Nc4 Qe7 21. d6 Qe6 22.
b3 O-O-O 23. Bh3 Qe8 24.
Bxd7+ Rxd7 25. O-O-O b5 26. Na5 Qe5 27. Qxe5 Nxe5 28. Rd5 Re8 29. Rxc5+ 1-0

[Event "7° Rencontres Internationales des Echecs Francophones"]
[Site "PARIS, France"]
[Date "2019.08.10"]
[Round "2.9"]
[White "Denous, Cyprien"]
[Black "Chabanon, Jean-Luc"]
[Result "0-1"]
[TimeControl "90'+30' + 30seconds/move"]
[WhiteElo "2045"]
[BlackElo "2448"]

1. Nf3 Nf6 2. g3 d5 3. Bg2 c6 4. d3 Bg4 5. Nbd2 Nbd7 6.
O-O e5 7. e4 dxe4 8. Nxe4 Be7 9. h3 Bh5 10. Qe2 O-O 11. Bd2 Nd5 12. c4 Nc7 13. Bc3 Ne6 14. g4 Nf4 15. Qe3 Nxg2 16.
Kxg2 Bg6 17. Nxe5 Nxe5 18. Bxe5 f5 19. gxf5 Bxf5 20. Rad1 Qd7 21. Qg3 Rf7 22. f4 Re8 23. Ng5 Bxg5 24.
Qxg5 Bxh3+ 25. Kh2 Bxf1 26. Rxf1 Re6 0-1

[Event "7° Rencontres Internationales des Echecs Francophones"]
[Site "PARIS, France"]
[Date "2019.08.10"]
[Round "2.2"]
[White "Gurevich, Mikhail"]
[Black "Huynh, Laurent"]
[Result "1-0"]
[TimeControl "90'+30' + 30seconds/move"]
[WhiteElo "2559"]
[BlackElo "2135"]

1. c4 Nf6 2. Nc3 c5 3.
g3 Nc6 4. Bg2 e6 5. Nf3 Be7 6. O-O O-O 7. d4 d6 8. b3 Bd7 9. dxc5 dxc5 10. Bf4 Qa5 11. Qc2 Nd4 12. Qb2 Bc6 13.
Rac1 Nxf3+ 14. Bxf3 Bxf3 15. exf3 Rfd8 16. Rfd1 a6 17. Qc2 Rxd1+ 18. Rxd1 Rd8 19. Be5 Qb6 20. Kg2 Nd7 21. Bf4 Nf6 22. Rd3 Rxd3 23.
Qxd3 Qd8 24. Qxd8+ Bxd8 25. Bd6 Ne8 26. Bxc5 Nf6 27. Na4 Nd7 28. Bd6 b6 29. f4 f6 30. Kf3 Kf7 31. Ke4 Ke8 32. Nb2 Nc5+ 33. Bxc5 bxc5 34.
Nd3 Be7 35. f5 Kd7 36. g4 Bd6 37. h3 g6 38. f4 gxf5+ 39. gxf5 Bf8 40. fxe6+ Kxe6 41. f5+ Kd6 42. Nf2 Bh6 43. h4 Bc1 44. Ng4 Bb2 45. h5 a5 46. Nh2 Bc1 47.
Nf3 Kc6 48. Ne1 Bb2 49. Nd3 Bd4 50.
a3 Bg1 51. Nf4 Bd4 52. Ne6 Bb2 53. Nf8 h6 54. Ng6 Bxa3 55. Ne7+ Kd6 56. Ng8 Bc1 57. Nxf6 Bg5 58. Ng4 Bd2 59. Nf2 Bc3 60. Nd3 Bf6 61.
Kf4 Bg5+ 62. Ke4 Bf6 63. Nf2 Bd4 64. Ng4 Bg7 65. f6 Bf8 66. Kf5 1-0

[Event "7° Rencontres Internationales des Echecs Francophones"]
[Site "PARIS, France"]
[Date "2019.08.10"]
[Round "2.5"]
[White "Hemam, Moulaye Brahim"]
[Black "Hamdouchi, Hicham"]
[Result "0-1"]
[TimeControl "90'+30' + 30seconds/move"]
[WhiteElo "2079"]
[BlackElo "2514"]

1. e4 c5 2. Nf3 Nc6 3.
d4 cxd4 4. Nxd4 Qb6 5. Nb3 Nf6 6. Nc3 e6 7. Be3 Qc7 8.
a3 a6 9. Be2 b5 10. O-O Bb7 11.
Bf3 Ne5 12. Bf4 d6 13. Re1 Be7 14.
Bxe5 dxe5 15. Qe2 O-O 16. Red1 Rac8 17. Rd3 Rfd8 18. Rxd8+ Rxd8 19. Rd1 Rc8 20. Rd3 g6 21. g4 h6 22.
Qd2 Kg7 23. h4 Rd8 24. Rxd8 Bxd8 25. Qd3 Be7 26. Nd1 Nh7 27. h5 Ng5 28. hxg6 fxg6 29. Nd2 Nh3+ 30. Kh2 Nf4 31. Qc3 Qxc3 32.
Nxc3 Bc5 33. Kg3 Bd4 34. Nd1 Kf6 35.
c4 Bc6 36. b4 Kg5 37. Bh1 Ne2+ 38.
Kf3 Nc3 39. cxb5 Bxb5 40. Nxc3 Bxc3 41. Nb3 Bb2 42. Nc5 Bxa3 43. Nxe6+ Kf6 44. Nc7 Bc4 45. Nd5+ Bxd5 46. exd5 Bxb4 47. Ke4 Bd6 48. Bf3 a5 49. Bd1 Kg5 50. f3 h5 51. gxh5 gxh5 52. Ke3 h4 53. Kf2 Kf4 54. Kg2 Ke3 55. Bc2 Kd4 56. Kh3 Be7 57. d6 Bd8 58. d7 Kc3 59. Ba4 Kb4 60. Bc6 a4 61. Kg4 a3 62. Bd5 Kc5 63. Ba2 Kd4 64. f4 e4 65. f5 e3 66. Kf3 h3 67. Bb1 h2 0-1

[Event "7° Rencontres Internationales des Echecs Francophones"]
[Site "PARIS, France"]
[Date "2019.08.10"]
[Round "2.3"]
[White "Kern, Nicolas"]
[Black "David, Alberto"]
[Result "0-1"]
[TimeControl "90'+30' + 30seconds/move"]
[WhiteElo "2083"]
[BlackElo "2554"]

1. e4 c5 2. Nc3 a6 3. g4 b5 4.
Bg2 Bb7 5. Nh3 e6 6. O-O Ne7 7. f4 Ng6 8. f5 Nh4 9.
Bh1 b4 10. Ne2 Qb6 11. Qe1 c4+ 12. Nf2 h5 13. d4 cxd3 14. cxd3 hxg4 15. Bg5 Bc5 16. d4 Bxd4 17. Nxd4 Qxd4 18. Rd1 Qc5 19. Rd3 Nf3+ 20. Bxf3 gxf3 21. Rxf3 Nc6 22. Qd2 Ne5 23. Rg3 Rc8 24. Rc1 Qxc1+ 25. Qxc1 Rxc1+ 26. Bxc1 g6 27. fxe6 dxe6 28. Bg5 Nd7 29. Rd3 f6 30. Be3 Ke7 31. Rd4 a5 32. Rc4 Rc8 33. Rxc8 Bxc8 34. Nd3 Kd6 35. Kf2 Bb7 36. Nf4 Bxe4 37.
h4 e5 38. Ne2 f5 39. Bh6 f4 40. a3 Kd5 41. axb4 axb4 42. Bg7 Bd3 43. Nc1 Bc4 44.
b3 Bb5 45. Na2 Kc5 46. Kf3 Bc6+ 47.
Kg4 Bd5 48. Nc1 Kd4 49. Kg5 f3 50.
Kxg6 Ke4 51. h5 f2 52.
Ne2 Kf3 53. h6 Kxe2 54. h7 Be4+ 0-1

[Event "7° Rencontres Internationales des Echecs Francophones"]
[Site "PARIS, France"]
[Date "2019.08.10"]
[Round "2.10"]
[White "Shchekachev, Andrei"]
[Black "Denjoy, Arnaud"]
[Result "0-1"]
[TimeControl "90'+30' + 30seconds/move"]
[WhiteElo "2446"]
[BlackElo "2036"]

1. Nf3 Nf6 2. c4 e6 3. Nc3 Bb4 4. g3 O-O 5. Bg2 c5 6. O-O Nc6 7. d4 Bxc3 8. bxc3 d6 9. Bf4 Re8 10.
Rb1 Rb8 11. dxc5 e5 12. Be3 dxc5 13. Qxd8 Rxd8 14. Bxc5 Be6 15. Ng5 Bxc4 16. Rb2 h6 17. Ne4 Nxe4 18. Bxe4 Bd5 19. Bf5 b6 20. Be3 Na5 21. Bc1 Nc4 22.
Rb4 Nd6 23. Bd3 Rdc8 24. Rd1 Bxa2 25. Ra4 Bb3 26. Ra1 Bxd1 27. Ba3 Nc4 28. Bc1 a5 29.
f4 a4 30. Bf5 Rd8 31. fxe5 Nxe5 32. Bf4 f6 33. Kf2 Bb3 34. h4 Kf7 35. h5 b5 36. Be3 Be6 0-1

[Event "7° Rencontres Internationales des Echecs Francophones"]
[Site "PARIS, France"]
[Date "2019.08.10"]
[Round "2.1"]
[White "Soubirou, Oriane"]
[Black "Moussard, Jules"]
[Result "0-1"]
[TimeControl "90'+30' + 30seconds/move"]
[WhiteElo "2119"]
[BlackElo "2613"]

1. e4 d6 2. d4 Nf6 3.
Nc3 g6 4. Bg5 c6 5. Qd2 Nbd7 6. Nf3 Qa5 7. Be2 Bg7 8. O-O O-O 9. Bh6 e5 10. Bxg7 Kxg7 11. Rad1 b5 12. dxe5 dxe5 13. a3 Bb7 14. Qd6 Rfe8 15.
Rfe1 Rad8 16. Qb4 Qb6 17. Bf1 a5 18. Qb3 Nc5 19. Qa2 Rxd1 20. Nxd1 Ncxe4 21. Bd3 c5 22. c4 b4 23. Ne3 Nd6 24. Nd5 Bxd5 25. cxd5 e4 0-1

[Event "7° Rencontres Internationales des Echecs Francophones"]
[Site "PARIS, France"]
[Date "2019.08.10"]
[Round "2.4"]
[White "Le Roux, Jean-Pierre"]
[Black "Meftahi, Houssem"]
[Result "0-1"]
[TimeControl "90'+30' + 30seconds/move"]
[WhiteElo "2535"]
[BlackElo "2128"]

1. Nf3 d5 2. g3 Nf6 3.
Bg2 c6 4. O-O Bg4 5. d3 e6 6. Nbd2 Nbd7 7. b3 Bd6 8.
Bb2 O-O 9. e4 Qe7 10. a4 e5 11. Re1 Rfe8 0-1

[Event "7° Rencontres Internationales des Echecs Francophones"]
[Site "PARIS, France"]
[Date "2019.08.10"]
[Round "2.6"]
[White "Sebag, Marie"]
[Black "Fontaine, Quentin"]
[Result "1-0"]
[TimeControl "90'+30' + 30seconds/move"]
[WhiteElo "2494"]
[BlackElo "2099"]

1. e4 e6 2. d4 d5 3. Nd2 c5 4. Ngf3 cxd4 5. Nxd4 Nc6 6. Bb5 Bd7 7. Nxc6 bxc6 8. Bd3 Bd6 9. O-O Qb8 10. h3 Ne7 11. c4 O-O 12. Nf3 d4 13. Nxd4 Ng6 14. Nf3 e5 15.
b3 Rd8 16. Qe2 Bc5 17. Be3 Qb6 18. Rad1 a5 19. Bxc5 Qxc5 20. Qe3 Qb4 21. c5 Be6 22. Ng5 Nf4 23. Nxe6 Nxe6 24. Bc4 Nd4 25.
Rc1 Rd7 26. f4 Re8 27. fxe5 Rxe5 28. Rfd1 Qa3 29. Rc3 1-0



[ePGN "0.1;DGT LiveChess/2.2.4"]

[Event "7° Rencontres Internationales des Echecs Francophones"]
[Site "PARIS, France"]
[Date "2019.08.10"]
[Round "3.10"]
[White "Maisuradze, Nino"]
[Black "Prie, Eric"]
[Result "0-1"]
[TimeControl "90'+30' + 30seconds/move"]
[WhiteElo "2176"]
[BlackElo "2439"]

1. d4 Nf6 2. c4 c5 3. d5 b5 4. cxb5 a6 5. bxa6 g6 6.
Nc3 Bg7 7. e4 O-O 8. Nf3 Qa5 9.
Bd3 Nxd5 10. exd5 Bxc3+ 11. Kf1 Bg7 12. h4 Bxa6 13. Bxa6 Nxa6 14. h5 Rfb8 15. hxg6 hxg6 16. Ng5 Nc7 17.
Qf3 Qa6+ 18. Kg1 Qf6 19. Qh3 Nxd5 20. Qh7+ Kf8 21. Ne4 Qe5 22. Bh6 Bxh6 23. Qxh6+ Qg7 24. Nxc5 Qxh6 25. Rxh6 Kg7 26.
Rh4 Rxb2 27. Nxd7 Raxa2 28. Rxa2 Rxa2 29. Rd4 e6 30. Ne5 g5 31. g3 f5 32. Rc4 Kf6 33. Nd7+ Ke7 34. Ne5 Re2 35. Nc6+ Kd6 36. Nd4 Ra2 37.
Rc6+ Kd7 38. Rxe6 0-1

[Event "7° Rencontres Internationales des Echecs Francophones"]
[Site "PARIS, France"]
[Date "2019.08.10"]
[Round "3.7"]
[White "Eden, James"]
[Black "Vedmediuc, Serghei"]
[Result "1/2-1/2"]
[TimeControl "90'+30' + 30seconds/move"]
[WhiteElo "2194"]
[BlackElo "2469"]

1. e4 c5 2. Nf3 Nc6 3. Nc3 e6 4. d4 cxd4 5. Nxd4 Qc7 6. Be3 a6 7. Be2 Nf6 8. O-O Be7 9. f4 d6 10. Kh1 O-O 11. Qe1 Bd7 12. Rd1 Nxd4 13. Bxd4 Bc6 14. Bd3 b5 15. e5 dxe5 16. fxe5 Nd7 17. Qg3 f5 18.
Ne2 Rf7 19. Nf4 Nf8 20. c4 Rd8 21. cxb5 axb5 22. Qf2 Qb7 23. Be2 Bg5 24. Nh3 Bh6 25. Bf3 Rfd7 26. Bc5 Bxf3 27. Rxd7 Bxg2+ 28. Qxg2 Qxg2+ 29. Kxg2 Nxd7 30.
Bd6 Rc8 31. Rf3 Rc2+ 32. Rf2 Rxf2+ 33. Nxf2 g5 34. b3 g4 35. a4 bxa4 36. bxa4 Be3 37. a5 Kf7 38. a6 Ke8 39. Nd3 Kd8 40. Nb4 Kc8 41. Nc6 h5 42. a7 Kb7 43. Nd8+ Kxa7 44. Nxe6 f4 45.
Ng5 f3+ 46. Nxf3 gxf3+ 47. Kxf3 Bg5 48. Ke4 Kb7 49. Kf5 Bd8 50.
e6 Kc6 51. e7 Bxe7 52. Bxe7 Kd5 53. Kg5 Ke6 54. Ba3 Ne5 55.
Kxh5 Kf5 56. Bb2 Nf3 57. h3 Ng1 58. h4 Ke5 1/2-1/2

[Event "7° Rencontres Internationales des Echecs Francophones"]
[Site "PARIS, France"]
[Date "2019.08.10"]
[Round "3.2"]
[White "Ravot, Sylvain"]
[Black "Gurevich, Mikhail"]
[Result "0-1"]
[TimeControl "90'+30' + 30seconds/move"]
[WhiteElo "2228"]
[BlackElo "2559"]

1. e4 d6 2. d4 Nf6 3. Nc3 g6 4. Nf3 Bg7 5. Be2 O-O 6.
O-O Bg4 7. Be3 Nc6 8. d5 Bxf3 9. Bxf3 Ne5 10. Be2 c6 11.
h3 Qa5 12. Qd2 Rfc8 13. Rfd1 cxd5 14. Nxd5 Qxd2 15. Nxf6+ Bxf6 16. Rxd2 Nc4 17. Bxc4 Rxc4 18. c3 Rxe4 19. a4 a6 20.
a5 Rc8 21. Ra3 Rc7 22. Kf1 Kf8 23. Bb6 Rd7 24. Be3 Ke8 25. Rd1 d5 26. Rd3 e6 27. Ke2 Be7 28. Ra1 Bf6 29. Kd2 Rc4 30.
b3 Rc6 31. Bd4 Ke7 32. f3 Rdc7 33. Re1 Bxd4 34. cxd4 Rc2+ 0-1

[Event "7° Rencontres Internationales des Echecs Francophones"]
[Site "PARIS, France"]
[Date "2019.08.10"]
[Round "3.1"]
[White "Moussard, Jules"]
[Black "Karagyozian, Edgar"]
[Result "1-0"]
[TimeControl "90'+30' + 30seconds/move"]
[WhiteElo "2613"]
[BlackElo "2229"]

1. Nf3 d5 2. b3 Nf6 3. Bb2 c6 4. g3 Bg4 5. Bg2 Nbd7 6.
O-O e6 7. c4 Bd6 8. d3 O-O 9. Nbd2 Qe7 10. a3 Rfd8 11. Qc2 Rac8 12. Rfe1 e5 13. e4 dxe4 14. dxe4 Nf8 15. h3 Bxf3 16. Nxf3 Ng6 17. h4 Nf8 18. Bh3 Rb8 19. Rad1 N8d7 20.
b4 Bc7 21. c5 a5 22. Qc4 axb4 23. axb4 Nf8 24. Kg2 Ng6 25. Ng5 Kf8 26. Bf5 h6 27. Ne6+ fxe6 28. Bxg6 Rxd1 29. Rxd1 Kg8 30. b5 Rf8 31.
bxc6 bxc6 32. Rd2 Ng4 33. Bf5 Nf6 34. Qxe6+ Qxe6 35. Bxe6+ Kh7 36. f3 Rb8 37. g4 Rb5 38. Ba3 Ra5 39. Rd3 Ra4 40. h5 Ra5 41. Rb3 Ra7 42. Bf7 Nd7 43. Be8 Bd8 44. Rd3 Nf6 45. Bg6+ Ng8 1-0

[Event "7° Rencontres Internationales des Echecs Francophones"]
[Site "PARIS, France"]
[Date "2019.08.10"]
[Round "3.4"]
[White "Hamdouchi, Hicham"]
[Black "Dardha, Arben"]
[Result "1-0"]
[TimeControl "90'+30' + 30seconds/move"]
[WhiteElo "2514"]
[BlackElo "2222"]

1. e4 c5 2. Nc3 e6 3. Nf3 Nc6 4. d4 cxd4 5. Nxd4 Nf6 6. a3 Be7 7. Nxc6 dxc6 8. Qxd8+ Bxd8 9. e5 Nd5 10. Ne4 O-O 11. c4 Nb6 12.
Be3 Bc7 13. f4 Bd7 14. O-O-O Rfd8 15. Nc5 Bc8 16. Rxd8+ Bxd8 17. Be2 Be7 18. Rd1 Kf8 19. Ne4 Nd7 20. h4 b6 21. Bf3 Ke8 22. Ng5 Bb7 23. Nxf7 Nc5 24.
Nd6+ Bxd6 25. Rxd6 Rd8 26. Bxc5 bxc5 27. Bxc6+ Bxc6 28. Rxc6 Rd3 29. Rxe6+ Kf7 30. Ra6 Rg3 31. f5 Rxg2 32. Rxa7+ Ke8 33. f6 gxf6 34. exf6 Rf2 35. Rxh7 Rxf6 36. Kc2 Rf3 37. h5 Rf2+ 38. Kb3 Kd8 39.
h6 Kc8 40. Rg7 Rh2 41. h7 1-0

[Event "7° Rencontres Internationales des Echecs Francophones"]
[Site "PARIS, France"]
[Date "2019.08.10"]
[Round "3.5"]
[White "Mouhamad, Joachin"]
[Black "Sebag, Marie"]
[Result "0-1"]
[TimeControl "90'+30' + 30seconds/move"]
[WhiteElo "2227"]
[BlackElo "2494"]

1. e4 c5 2. Nf3 d6 3. d4 cxd4 4. Nxd4 Nf6 5. Nc3 a6 6. f3 e5 7. Nb3 Be6 8. Be3 Be7 9. Qd2 O-O 10. O-O-O a5 11. a4 Na6 12. Bb5 Nc7 13. Bb6 Qb8 14. Kb1 d5 15. Bxc7 Qxc7 16.
Nxd5 Nxd5 17. exd5 Rfd8 18. c4 Bf5+ 19. Ka2 Bb4 20. Qe3 Bd7 21. Rc1 Bxb5 22. cxb5 Qd6 23. Rhd1 h6 24. Qe4 Rac8 25.
Rxc8 Rxc8 26. Rc1 Rd8 27. Rd1 Rc8 28. Rc1 Rd8 29. Rd1 Rc8 30. Qf5 Rc4 31. Qd3 Rc8 32. Qe2 g6 33. h4 Kg7 34. h5 g5 35. Qe4 Rd8 36.
Qc4 Rd7 37. Qe4 Rc7 38. g4 Rc8 39. Qf5 Rc7 40. Qd3 Rc8 41.
Qe4 Rc7 42. Qf5 Rc4 43. Qd3 Rf4 44.
Nd2 Rd4 45. Qc2 Qxd5+ 46. Kb1 Rxd2 0-1

[Event "7° Rencontres Internationales des Echecs Francophones"]
[Site "PARIS, France"]
[Date "2019.08.10"]
[Round "3.8"]
[White "Chabanon, Jean-Luc"]
[Black "Saglier, Paul"]
[Result "1-0"]
[TimeControl "90'+30' + 30seconds/move"]
[WhiteElo "2448"]
[BlackElo "2194"]

1. d4 Nf6 2. c4 g6 3. Nc3 Bg7 4. e4 d6 5. Be2 O-O 6. Nf3 Bg4 7. Be3 Nfd7 8. Ng1 Bxe2 9. Ngxe2 e5 10. d5 f5 11.
f3 Bh6 12. Bf2 Nf6 13. Ng3 Ne8 14. b4 a5 15. a3 Nd7 16. O-O Bf4 17. Qc2 Ng7 18. c5 Nf6 19. exf5 Bxg3 20. hxg3 Nxf5 21.
Rad1 Qe7 22. g4 Nd4 23. cxd6 cxd6 24. Qd2 axb4 25. axb4 Nb3 26. Qb2 Nd4 27. Rfe1 Qc7 28. Bxd4 exd4 29. Rxd4 Qb6 30. Red1 Rfe8 31. Qf2 Ra3 32. Ne4 Nxe4 33. Rxe4 Qxf2+ 34. Kxf2 Rxe4 35. fxe4 Kf8 36. Rc1 Rb3 37. Rc8+ Kg7 38. Rc7+ Kh6 39. Rxb7 Rd3 40. Ke2 Rg3 41. e5 dxe5 42. d6 Rxg4 43. d7 Rd4 44. Rc7 Kg5 45. b5 Kf6 46. b6 Ke7 47. b7 Rb4 48. Rc8 1-0